 Dungeon Crawl Stone Soup version 0.25-a0-420-g1cc7eeb0d1 (webtiles) character file.

Game seed: 10850391715902309828, levelgen mode: deterministic

23 vurker the Bolt Thrower (level 3, -1/22 HPs)
             Began as a Kobold Hunter on Jan 18, 2020.
             Slain by an ooze (2 damage)
             ... on level 1 of the Dungeon.
             The game lasted 00:02:33 (1046 turns).

vurker the Bolt Thrower (Kobold Hunter)             Turns: 1046, Time: 00:02:33

Health: -1/22      AC:  6    Str: 10    XL:     3   Next: 10%
Magic:  3/3        EV: 11    Int: 12    God:
Gold:   33         SH:  0    Dex: 15    Spells: 2/2 levels left

rFire    . . .     SeeInvis .   b - +0 short sword
rCold    . . .     Gourm    .   (shield restricted)
rNeg     . . .     Faith    .   j - +0 scale mail
rPois    .         Spirit   .   (no helmet)
rElec    .         Reflect  .   (no cloak)
rCorr    .         Harm     .   (no gloves)
MR       .....                  (no boots)
Stlth    ..........             (no amulet)
HPRegen  0.07/turn              (no ring)
MPRegen  0.08/turn              (no ring)

@: lethally poisoned (-1 -> -4)
A: small, carnivore
a: no special abilities


You were on level 1 of the Dungeon.
You were very full.

You visited 1 branch of the dungeon, and saw 2 of its levels.

You collected 33 gold pieces.

Inventory:

Hand Weapons
 a - a +1 hand crossbow
 b - a +0 short sword (weapon)
Missiles
 d - 14 bolts
Armour
 j - a +0 scale mail (worn)
   (You found it on level 1 of the Dungeon)
Scrolls
 c - a scroll of fog {unknown}
 f - 2 scrolls of identify {unknown}
 h - a scroll of remove curse {unknown}
Comestibles
 e - a ration


   Skills:
 + Level 2.6 Fighting
 * Level 2.3 Short Blades
 + Level 5.1 Crossbows
 - Level 2.4 Dodging
 - Level 1.3 Stealth


You had 2 spell levels left.
You didn't know any spells.
Your spell library was empty.

Dungeon Overview and Level Annotations

Branches:
Dungeon (2/15)

Altars:


Innate Abilities, Weirdness & Mutations

You are small and have problems with some larger weapons.
You are carnivorous and can eat meat at any time.


Message History

No target in view!
No target in view!
There is a stone staircase leading down here.
You climb downwards.
An adder and an ooze come into view.
The ooze quivers.
The adder bites you. The ooze closely misses you.
The adder bites you but does no damage.
Found a scroll labeled SIALUAF DAOSEADD.
There is a stone staircase leading up here.
The adder misses you. The ooze hits you.
You climb upwards.
There is a stone staircase leading down here.
You hit the adder but do no damage. The adder closely misses you.
The ooze hits you. The adder bites you but does no damage.
You closely miss the adder. The ooze hits you but does no damage.
The adder closely misses you.
You hit the adder. The ooze misses you. The adder bites you.
You are poisoned.
The adder poisons you!
You miss the adder.
You feel sick. The adder bites you.
You are more poisoned.
The adder poisons you! The ooze closely misses you.
You closely miss the adder.
You feel sick. The adder misses you. The ooze hits you but does no damage.
The adder bites you.
* * * LOW HITPOINT WARNING * * *
You aren't carrying any potions.
Unknown command.
You barely miss the adder. The ooze hits you but does no damage.
The adder bites you but does no damage.
Your scale mail prevents you from hitting the adder.
You feel sick. The adder barely misses you.
The ooze hits you but does no damage.
You miss the adder. The adder closely misses you. The ooze closely misses you.
You closely miss the adder.
You feel sick. The adder bites you.
* * * LOW HITPOINT WARNING * * *
The ooze hits you but does no damage. The adder barely misses you.
You hit the adder. The ooze barely misses you. The adder misses you.
You closely miss the adder.
* * * LOW HITPOINT WARNING * * *
You feel sick. The adder misses you. The ooze hits you but does no damage.
You miss the adder. The adder bites you but does no damage.
The ooze hits you but does no damage. The adder bites you but does no damage.
You closely miss the adder. The ooze hits you.
* * * LOW HITPOINT WARNING * * *
The adder bites you but does no damage.
You closely miss the adder.
* * * LOW HITPOINT WARNING * * *
You feel sick. The adder bites you but does no damage. The ooze hits you.
You die...

#...#....####≈≈...
###.#.......#≈≈≈≈≈
#.#.#...#.#.≈≈≈≈
#.###...........
#...............
###########.........
#.............#...≈≈
#.#########...#≈≈≈≈≈
#.J@S..# #.#.#≈≈≈≈≈
######.####.#.#.....
#.#............
#.#............
#.#..(...######
####....#+#.###.##
#.........#.......
#....####.########
#....#............


You could see an ooze and an adder.

Vanquished Creatures
  A dart slug (D:1)
  A ball python (D:2)
  2 bats (D:1)
  2 goblins (D:1)
  3 hobgoblins (D:1)
  4 jackals (D:1)
  A frilled lizard (D:1)
  A kobold (D:1)
  4 rats (D:1)
19 creatures vanquished.

Notes
Turn   | Place    | Note
-------+----------+-------------------------------------------
     0 | D:1      | vurker the Kobold Hunter began the quest for the Orb.
     0 | D:1      | Reached XP level 1. HP: 12/12 MP: 1/1
   161 | D:1      | Reached skill level 1 in Short Blades
   364 | D:1      | Reached XP level 2. HP: 17/18 MP: 2/2
   547 | D:1      | Reached skill level 5 in Crossbows
   871 | D:1      | Reached XP level 3. HP: 22/22 MP: 3/3
  1046 | D:1      | HP: 1/22 [poisoned by an adder]
  1046 | D:1      | Slain by an ooze

Levels and vault maps discovered:
D:1:      dpeg_arrival_chase, layout_basic
D:2:      layout_rooms, first_ration, chequers_ecumenical_altar_island,
          serial_bayou_pond_d, kennysheep_slug_shrine

Skill      XL: |  1  2 |
---------------+-------+-----
Short Blades   | 1 2 |  2.3
Crossbows      | 5 |  5.1
Fighting       | |  2.6
Dodging        | |  2.4
Stealth        | |  1.3

Action                   || total
-------------------------++-------
Melee: Short sword       ||    55
 Fire: Hand crossbow     ||    25
  Eat: Chunk             ||     8
Armor: Ring mail         ||    21
       Leather armour    ||     3
       Scale mail        ||    15
Dodge: Dodged            ||    55

Table legend:
 A = Non-vault XP
 B = Vault XP
 C = Vault XP percentage of total XP
 D = Non-vault monster count
 E = Vault monster count
 F = Vault count percentage of total count
                 A         B        C        D         E       F
            +---------+---------+-------+---------+---------+-------
      Total |      33 |       0 |   0.0 |      19 |       0 |   0.0
            +---------+---------+-------+---------+---------+-------
        D:1 |      31 |       0 |   0.0 |      18 |       0 |   0.0
        D:2 |       2 |       0 |   0.0 |       1 |       0 |   0.0
            +---------+---------+-------+---------+---------+-------
